 Dungeon Crawl Stone Soup version 0.31.0-7-gf635a9b802 (webtiles) character file.

Game seed: 10920122604363903778

294 Aldia the Charlatan (level 6, -5/30 HPs)
             Began as a Spriggan Artificer on Jan 23, 2024.
             Shot with an arrow by a centaur (13 damage)
             ... on level 5 of the Dungeon.
             The game lasted 00:07:54 (3085 turns).

Aldia the Charlatan (Spriggan Artificer)            Turns: 3085, Time: 00:07:55

Health: -5/30      AC:  3    Str:  8    XL:     6   Next: 11%
Magic:  7/7        EV: 18    Int: 14    God:
Gold:   183        SH:  0    Dex: 16    Spells: 5/5 levels left

rFire   . . .        t - +0 sling
rCold   + . .        (no shield)
rNeg    . . .        b - +0 robe
rPois   .            (helmet restricted)
rElec   .            s - +0 cloak
rCorr   .            (gloves unavailable)
SInv    +            (boots unavailable)
Will    +....        (no amulet)
Stlth   +++          j - ring of flight
HPRegen 0.25/turn    n - ring of protection from cold
MPRegen 0.10/turn

%: no passive effects
@: flying, very quick
A: very small, no large weapons, unfitting armour, see invisible, speed 3
a: no special abilities


You were on level 5 of the Dungeon.
You visited 1 branch of the dungeon, and saw 5 of its levels.

You collected 183 gold pieces.

Inventory:

Hand Weapons
 f - a +0 dagger
 h - a +1 short sword of protection
 t - a +0 sling (weapon)
Armour
 b - a +0 robe (worn)
 s - a +0 cloak (worn)
Jewellery
 a - a ring of protection from cold
 j - a ring of flight (left hand)
 n - a ring of protection from cold (right hand)
Wands
 c - a wand of flame (17)
 d - a wand of charming (27)
 e - a wand of iceblast (4)
Scrolls
 i - 2 scrolls of poison
 l - a scroll of amnesia
 m - a scroll of teleportation
 u - a scroll of fog {unknown}
 v - a scroll of enchant armour {unknown}
Potions
 g - 3 potions of might
 k - a potion of invisibility {unknown}
 o - 3 potions of brilliance
 p - a potion of mutation
 q - 2 potions of curing
 r - 3 potions of enlightenment


   Skills:
 + Level 1.3 Fighting
 - Level 2.5 Short Blades
 * Level 2.6 Ranged Weapons
 + Level 4.1 Dodging
 - Level 5.0 Stealth
 - Level 5.1 Evocations


You had 5 spell levels left.
You didn't know any spells.
Your spell library was empty.

Dungeon Overview and Level Annotations

Branches:
Dungeon (5/15)
 Temple: D:4-7

Altars:
Gozag
Ru
Sif Muna
Vehumet
Wu Jian

Annotations:
D:5 2 transporters, qwertyuiopasd's ghost, amateur GnRe


Innate Abilities, Weirdness & Mutations

You are very small and have problems with some larger weapons.
You are too small for most types of armour.
You have supernaturally acute eyesight. (SInv)
You cover ground extremely quickly. (Speed+++)


Message History

The iguana is almost dead.
Fire: t) +0 sling
Press: ? - help, Q - select action, (/) - cycle Shift-Dir - straight line, f/p - iguana
Aim: an iguana (almost dead, 61% to hit)
You shoot a sling bullet. The sling bullet hits the iguana.
You kill the iguana!
Fire: t) +0 sling
Press: ? - help, Q - select action, (/) - cycle Shift-Dir - straight line, f - you Really target yourself?
Okay, then.
Unknown command.
v - a scroll labelled NIUNAO XARR An orc comes into view.
It is wielding a +0 trident.
You shoot a sling bullet.
The sling bullet closely misses the orc.
An orc wizard comes into view. It is wielding a +0 dagger.
You shoot a sling bullet. The orc wizard shouts!
The sling bullet hits the orc wizard.
The orc wizard is lightly wounded.
You shoot a sling bullet.
The sling bullet closely misses the orc wizard.
The centaur shouts!
The centaur unwields a +0 rapier.
The centaur wields a +0 shortbow.
The centaur shoots an arrow.
The arrow hits you!
An orc comes into view. It is wielding a +0 mace.
You shoot a sling bullet.
The sling bullet closely misses the orc wizard.
The orc shouts!
The centaur shoots an arrow.
The arrow hits you.
The centaur shoots an arrow.
The arrow hits you!
* * * LOW HITPOINT WARNING * * *
You are too injured to fight recklessly!
You are too injured to fight recklessly!
Unknown command.
Okay, then.
A shadow imp comes into view.
The centaur shoots an arrow.
The arrow closely misses you.
The centaur shoots an arrow.
The arrow hits you!
You die...

#....# ### ##### #.#...
..# ....# #.#..# #.####
###.# #.#..### #.##.##
#.#
##......###.#...#####
#.#
#...................#
#.#
#.....#.##.c#.....#o..
#>#
#...........##.#....#.
#.#
#....@#.##.###.#.#.##
###.#
#.....#........c...#
....##
###..#####.###'#.###
†....# #..# #.# ....#
####.# #..#####.# ...5.
...#.## #.........
...#..########...####..
...#............(...'.
...^.#########...####.


You could see a centaur.

Vanquished Creatures
  A hound (D:5)
  An iguana (D:5)
  An orc wizard (D:5)
  2 gnolls (D:4)
  4 adders
  4 dart slugs
  10 orcs (D:5)
  10 ball pythons
  8 endoplasms
  2 giant cockroaches
  6 goblins
  5 hobgoblins
  7 quokkas
  7 bats
  4 frilled lizards
  11 kobolds
  4 rats
87 creatures vanquished.

Vanquished Creatures (collateral kills)
  A hound (D:4)
  A gnoll (D:4)
2 creatures vanquished.

Vanquished Creatures (others)
  A bombardier beetle (D:4)
  A gnoll (D:4)
2 creatures vanquished.

Grand Total: 91 creatures vanquished

Notes
Turn   | Place    | Note
-------+----------+-------------------------------------------
     0 | D:1      | Aldia the Spriggan Artificer began the quest for the Orb.
     0 | D:1      | Reached XP level 1. HP: 9/9 MP: 2/2
    79 | D:1      | Reached skill level 1 in Fighting
    96 | D:1      | Reached XP level 2. HP: 14/14 MP: 3/3
   144 | D:1      | Reached skill level 1 in Short Blades
   442 | D:1      | Reached XP level 3. HP: 18/18 MP: 4/4
   742 | D:2      | Found an ornate altar of the Wu Jian Council.
  1059 | D:2      | Reached XP level 4. HP: 22/22 MP: 5/5
  2023 | D:4      | Reached skill level 1 in Ranged Weapons
  2023 | D:4      | Reached XP level 5. HP: 11/25 MP: 6/6
  2031 | D:4      | Reached skill level 5 in Stealth
  2031 | D:4      | Reached skill level 5 in Evocations
  2383 | D:5      | Entered Level 5 of the Dungeon
  2383 | D:5      | Found an opulent altar of Gozag.
  2384 | D:5      | Found a radiant altar of Vehumet.
  2384 | D:5      | Found a shimmering blue altar of Sif Muna.
  2693 | D:5      | Reached XP level 6. HP: 25/30 MP: 7/7
  2818 | D:5      | Found a sacrificial altar of Ru.
  2876 | D:5      | Found a transporter.
  2877 | D:5      | Noticed qwertyuiopasd's ghost (amateur GnRe)
  2878 | D:5      | Found a transporter.
  3085 | D:5      | Shot with an arrow by a centaur

Illustrated notes

Levels and vault maps discovered:
D:1:      minmay_arrival_checkered_box, layout_basic, minmay_misc_feat_roman
D:2:      layout_rooms, basic_altar, st_stairs_8
D:3:      layout_loops_ring
D:4:      layout_rooms
D:5:      lemuel_insect_pit, layout_loops_corners, lemuel_tele_altar,
          grunt_temple_overflow_open, gammafunk_ghost_smash, chequers_garden

Skill      XL: |  1  2  3  4  5 |
---------------+----------------+-----
Stealth        | 2 3 4 5 |  5.0
Fighting       | 1 |  1.3
Short Blades   | 1 2 |  2.5
Ranged Weapons | 1 2 |  2.6
Evocations     | 5 |  5.1
Dodging        | 4 |  4.1

Action                     |  1- 3 |  4- 6 || total
---------------------------+-------+-------++-------
  Melee: Short sword       |   101 |    41 ||   142
         Dagger            |     1 |       ||     1
         Punch             |     2 |       ||     2
   Fire: Sling             |       |   130 ||   130
  Evoke: Wand              |    13 |     5 ||    18
    Use: Scroll            |       |    10 ||    10
         Potion            |       |     1 ||     1
   Stab: Sleeping          |    10 |     7 ||    17
 Armour: Robe              |    24 |    38 ||    62
  Dodge: Dodged            |    93 |   106 ||   199
